 Dungeon Crawl Stone Soup version 0.21.1-1-g345015f (webtiles) character file.

37 shakethe the Skirmisher (level 3, 0/29 HPs)
             Began as a Demonspawn Fighter on Feb 17, 2018.
             Slain by an adder (3 damage)
             ... on level 2 of the Dungeon.
             The game lasted 00:00:57 (613 turns).

shakethe the Skirmisher (Demonspawn Fighter)         Turns: 613, Time: 00:00:57

Health: 0/29       AC:  6    Str: 16    XL:     3   Next: 21%
Magic:  3/3        EV:  6    Int:  9    God:
Gold:   88         SH:  9    Dex: 15    Spells: 2/2 levels left

rFire    . . .     SeeInvis .   a - +0 war axe
rCold    + . .     Gourm    .   c - +0 shield
rNeg     . . .     Faith    .   b - +0 scale mail
rPois    .         Spirit   .   (no helmet)
rElec    .         Reflect  .   (no cloak)
rCorr    .         Harm     .   (no gloves)
MR       .....                  (no boots)
Stlth    +.........             (no amulet)
HPRegen  0.09/turn              (no ring)
MPRegen  0.08/turn              (no ring)

@: lethally poisoned (0 -> -7)
A: thin skeletal structure 1, cold resistance 1
a: no special abilities


You were on level 2 of the Dungeon.
You were not hungry.

You visited 1 branch of the dungeon, and saw 2 of its levels.

You collected 88 gold pieces.

Inventory:

Hand Weapons
 a - a +0 war axe (weapon)
Armour
 b - a +0 scale mail (worn)
 c - a +0 shield (worn)
Jewellery
 l - an uncursed ring of wizardry {unknown}
   (You found it on level 1 of the Dungeon)
 m - a +2 ring of slaying {unknown}
   (You found it on level 1 of the Dungeon)
Scrolls
 g - 3 scrolls of identify {unknown}
 i - 2 scrolls of remove curse {unknown}
 j - 4 scrolls of teleportation {unknown}
 k - a scroll of blinking {unknown}
Potions
 d - a potion of might
 e - 3 potions of curing {unknown}
 h - a potion of heal wounds {unknown}
Comestibles
 f - 2 rations


   Skills:
 + Level 3.3 Fighting
 * Level 2.5 Axes
 + Level 3.0 Armour
 + Level 3.0 Shields


You had 2 spell levels left.
You didn't know any spells.

Dungeon Overview and Level Annotations

Branches:
Dungeon (2/15)

Altars:


Innate Abilities, Weirdness & Mutations

You have a somewhat thin skeletal structure. (Dex +2, Stealth)
Your flesh is cold resistant. (rC+)


Message History

No target in view!
A hobgoblin comes into view. It is wielding a club.
The hobgoblin shouts!
You barely miss the hobgoblin. You block the hobgoblin's attack.
The hobgoblin hits you but does no damage.
You hit the hobgoblin.
You kill the hobgoblin!
Your Shields skill increases to level 3!
No target in view!
No target in view!
No target in view!
No target in view!
No target in view!
No target in view!
No target in view!
No target in view!
No target in view!
No target in view!
No target in view!
No target in view!
Things that are here:
a club; a hobgoblin corpse No target in view!
No target in view!
No target in view!
No target in view!
No target in view!
No target in view!
You open the door.
There is an open door here.
You open the door.
Done exploring.
No target in view!
No target in view!
No target in view!
No target in view!
No target in view!
No target in view!
No target in view!
No target in view!
No target in view!
No target in view!
No target in view!
No target in view!
No target in view!
Done exploring.
No target in view!
No target in view!
There is a stone staircase leading down here.
You climb downwards.
An adder and a worm come into view.
The adder hisses angrily.
There is a stone staircase leading up here.
The adder completely misses you.
You closely miss the adder. The adder bites you.
The adder completely misses you.
You take 3 damage, and have 26/29 hp.
You closely miss the adder. The adder bites you. x2
You take 3 damage, and have 23/29 hp.
Your shield and scale mail prevent you from hitting the adder.
The adder bites you but does no damage. The adder barely misses you.
You slash the adder! The adder bites you.
You are poisoned.
The adder poisons you! The adder completely misses you.
You take 4 damage, and have 20/29 hp.
You hit the adder.
You feel sick. The adder barely misses you.
The adder bites you but does no damage.
You take 1 damage, and have 19/29 hp.
You closely miss the adder.
You feel sick. The adder bites you but does no damage. The adder bites you.
You take 3 damage, and have 16/29 hp.
You completely miss the adder. You hit the worm. The adder bites you.
The worm bites you. The adder closely misses you.
You take 7 damage, and have 9/29 hp.
MASSIVE DAMAGE!!
Your shield and scale mail prevent you from hitting the adder.
You hit the worm but do no damage.
You feel sick. The adder bites you but does no damage.
The worm closely misses you. You block the adder's attack.
You take 1 damage, and have 8/29 hp.
You miss the adder. You hit the worm. The adder bites you.
* * * LOW HITPOINT WARNING * * *
You are lethally poisoned!
The adder poisons you! The worm bites you.
* * * LOW HITPOINT WARNING * * *
The adder completely misses you.
You take 3 damage, and have 5/29 hp.
Unknown command.
Unknown command.
Unknown command.
You miss the adder. You slash the worm!
* * * LOW HITPOINT WARNING * * *
You feel sick. You block the adder's attack. The worm barely misses you.
The adder barely misses you.
You take 2 damage, and have 3/29 hp.
You hit the adder. You slash the worm!
You kill the worm!
* * * LOW HITPOINT WARNING * * *
You feel sick. The adder bites you but does no damage. The adder bites you.
You die...

.. .. #.
#. ##.##
#...#
...###.<#
....?...#
...####@#
# #S# #.#
#.# #.#
#.# #.#
...


You could see an adder.

Vanquished Creatures
  An ooze (D:1)
  A worm (D:2)
  A dart slug (D:1)
  4 bats (D:1)
  A giant cockroach (D:1)
  2 goblins (D:1)
  4 hobgoblins (D:1)
  6 kobolds (D:1)
  2 frilled lizards (D:1)
  8 rats (D:1)
30 creatures vanquished.

Notes
Turn   | Place    | Note
-------+----------+-------------------------------------------
     0 | D:1      | shakethe the Demonspawn Fighter began the quest for the Orb.
     0 | D:1      | Reached XP level 1. HP: 18/18 MP: 1/1
    41 | D:1      | Reached skill level 2 in Axes
    90 | D:1      | Gained mutation: You have a somewhat thin skeletal structure. (Dex +2, Stealth) [demonic ancestry]
    90 | D:1      | Reached XP level 2. HP: 18/24 MP: 2/2
   460 | D:1      | Gained mutation: Your flesh is cold resistant. (rC+) [demonic ancestry]
   460 | D:1      | Reached XP level 3. HP: 29/29 MP: 3/3
   466 | D:1      | Reached skill level 3 in Armour
   587 | D:1      | Reached skill level 3 in Shields
   611 | D:2      | HP: 6/29 [adder (2)]
   613 | D:2      | Slain by an adder

Skill      XL: |  1  2  3 |
---------------+----------+-----
Axes           | 2 |  2.5
Armour         | 3 |  3.0
Shields        | 3 |  3.0
Fighting       | |  3.3

Action                   || total
-------------------------++-------
Melee: War axe           ||    70
Armor: Scale mail        ||    37
Dodge: Dodged            ||    24
Block: Shield            ||    36

Vault maps used:
D:1:      dpeg_arrival_ratfight
D:2:      xom_teletrap_fun, lemuel_blue_sif_altar

Table legend:
 A = Turns spent in this place as a percentage of turns spent in the entire game.
 B = Non-inter-level travel turns spent in this place as a percentage of non-inter-level travel turns spent in the entire game.
 C = Inter-level travel turns spent in this place as a percentage of turns spent in this place.
 D = Turns resting spent in this place as a percentage of non-inter-level travel turns spent in this place.
 E = Turns spent auto-exploring this place as a percentage of non-inter-level travel turns spent in this place.
 F = Non-inter-level travel turns spent in this place divided by the number of levels of this place that you've seen.
                   A       B       C       D       E      F
               +-------+-------+-------+-------+-------+----------------------
         Total | 100.0 | 100.0 |   0.0 |   0.0 |  75.4 | 306.5
       Dungeon | 100.0 | 100.0 |   0.0 |   0.0 |  75.4 | 306.5
               +-------+-------+-------+-------+-------+----------------------

Table legend:
 A = Kills in this place as a percentage of kills in entire the game.
 B = Kills by you in this place as a percentage of kills by you in the entire game.
 C = Kills by friends in this place as a percentage of kills by friends in the entire game.
 D = Other kills in this place as a percentage of other kills in the entire game.
 E = Experience gained in this place as a percentage of experience gained in the entire game.
 F = Experience gained in this place divided by the number of levels of this place that you have seen.
                   A       B       C       D       E      F
               +-------+-------+-------+-------+-------+----------------------
         Total | 100.0 | 100.0 |   N/A |   N/A | 100.0 |  26.5
       Dungeon | 100.0 | 100.0 |   N/A |   N/A | 100.0 |  26.5
               +-------+-------+-------+-------+-------+----------------------
